 Dungeon Crawl Stone Soup version 0.30.1-3-gfc49f6343a (webtiles) character file.

Game seed: 1201335273520936579

53 safid the Chiller (level 3, 0/27 HPs)
             Began as a Merfolk Ice Elementalist on July 25, 2023.
             Slain by a gnoll
             ... wielding a +0 spear
              (7 damage)
             ... on level 2 of the Dungeon.
             The game lasted 00:02:05 (1247 turns).

safid the Chiller (Merfolk Ice Elementalist)        Turns: 1247, Time: 00:02:05

Health: 0/27       AC:  2    Str:  8    XL:     3   Next: 87%
Magic:  4/7        EV: 12    Int: 16    God:
Gold:   35         SH:  0    Dex: 14    Spells: 3/7 levels left

rFire   . . .        c - +0 flail
rCold   . . .        (no shield)
rNeg    + . .        a - +0 robe
rPois   .            (no helmet)
rElec   .            (no cloak)
rCorr   .            (no gloves)
SInv    .            (no boots)
Will    .....        (no amulet)
Stlth   ++           g - ring of positive energy
HPRegen 0.24/turn    (no ring)
MPRegen 0.10/turn

%: no passive effects
@: freezing walls
A: (nimble swimmer 2), mertail
a: no special abilities


You were on level 2 of the Dungeon.
You visited 1 branch of the dungeon, and saw 2 of its levels.

You collected 35 gold pieces.

Inventory:

Hand Weapons
 c - a +0 flail (weapon)
Armour
 a - a +0 robe (worn)
Magical Staves
 i - a staff of cold
Jewellery
 g - a ring of positive energy (left hand)
Scrolls
 d - 2 scrolls of noise {unknown}
 e - 5 scrolls of identify {unknown}
 h - a scroll of fog {unknown}
 j - a scroll of amnesia {unknown}
 k - a scroll of fear {unknown}
Potions
 b - a potion of magic
 f - 2 potions of attraction {unknown}
 l - a potion of haste {unknown}


   Skills:
 + Level 2.0 Fighting
 - Level 2.6 Dodging
 - Level 2.1 Stealth
 + Level 2.7 Spellcasting
 + Level 4.9 Ice Magic


You had 3 spell levels left.
You knew the following spells:

 Your Spells              Type           Power      Damage    Failure   Level
a - Freeze                Ice            72%        1d8       2%          1
b - Frozen Ramparts       Ice            36%        1d6       8%          3

Your spell library contained the following spells:

 Spells                   Type           Power      Damage    Failure   Level
 Ozocubu's Armour         Ice            18%        N/A       8%          3
 Sandblast                Erth           4%         2d4       19%         1
 Passwall                 Tmut/Erth      1%         N/A       28%         2
 Stone Arrow              Conj/Erth      4%         3d7       50%         3
 Summon Ice Beast         Ice/Summ       10%        N/A       56%         4


Dungeon Overview and Level Annotations

Branches:
Dungeon (2/15)

Altars:

Shops:
D:1 (


Innate Abilities, Weirdness & Mutations

((You are very nimble when in or above water. (Stealth+, EV+, Speed+++)))
Your lower body shifts to a powerful aquatic tail in water.


Message History

The adder barely misses you.
Unknown command.
Casting: Freeze (safe; 2% risk of failure)
Confirm with . or Enter, or press ? or * to list all spells.
Aiming: Freeze (safe; 2% risk of failure)
Press: ? - help, Shift-Dir - straight line, f/p - adder
Aim: an adder (almost dead)
You freeze the adder.
You kill the adder!
Your Fighting skill increases to level 2!
Unknown command.
l - a purple potion 2 gnolls come into view.
The gnoll shouts!
The gnoll hits you from afar with a +0 spear.
The gnoll hits you with a +0 spear! The gnoll barely misses you.
Casting: Freeze (safe; 2% risk of failure)
Confirm with . or Enter, or press ? or * to list all spells.
The spell is quite dangerous to miscast (8% risk of failure)!
Continue anyway? [Y]es or [N]o only, please.
The spell is quite dangerous to miscast (8% risk of failure)!
Continue anyway?
Okay, then.
Casting: Frozen Ramparts (quite dangerous; 8% risk of failure)
Confirm with . or Enter, or press ? or * to list all spells.
The spell is quite dangerous to miscast (8% risk of failure)!
Continue anyway? [Y]es or [N]o only, please.
The spell is quite dangerous to miscast (8% risk of failure)!
Continue anyway?
Casting: Frozen Ramparts (quite dangerous; 8% risk of failure)
Press: ? - help, Dir - look around, f - activate The walls around you are covered in ice.
The wall freezes the gnoll.
The gnoll barely misses you.
The wall freezes the gnoll.
The gnoll hits you from afar with a +0 spear.
* * * LOW HITPOINT WARNING * * *
You closely miss the gnoll.
The gnoll is moderately wounded.
The wall freezes the gnoll.
The gnoll barely misses you.
The wall freezes the gnoll.
The gnoll hits you from afar with a +0 spear!
You die...

##.(..# #.......#
......# #.......#
.#>...# #.......#
....###### #.......#
###......# ######.##
########.####..# #.#
..g.g.g.......#
####.##### ....#
#.##########........#
###.#
#......gg@..........#
#
############........#
#........# #........#
#........# #........#
#........# ##########


You could see 2 gnolls.

Vanquished Creatures
  3 adders (D:2)
  2 ball pythons
  3 bats
  4 endoplasms (D:1)
  A giant cockroach (D:2)
  3 hobgoblins
  2 quokkas
  A frilled lizard (D:1)
  3 kobolds
  3 rats
25 creatures vanquished.

Notes
Turn   | Place    | Note
-------+----------+-------------------------------------------
     0 | D:1      | safid the Merfolk Ice Elementalist began the quest for the
                  | Orb.
     0 | D:1      | Reached XP level 1. HP: 13/13 MP: 3/3
    34 | D:1      | Found Raker's Antique Weapon Shoppe.
   193 | D:1      | Reached XP level 2. HP: 20/20 MP: 5/5
   202 | D:1      | Reached skill level 1 in Fighting
   882 | D:2      | Reached XP level 3. HP: 20/26 MP: 0/6
   939 | D:2      | Learned a level 3 spell: Frozen Ramparts
  1247 | D:2      | Slain by a gnoll

Illustrated notes

Levels and vault maps discovered:
D:1:      lemuel_arrival_muddy, layout_basic, serial_shops,
          nicolae_shop_hallway_plus
D:2:      layout_rooms

Skill      XL: |  1  2  3 |
---------------+----------+-----
Fighting       | 1 2 |  2.0
Dodging        | |  2.6
Stealth        | |  2.1
Spellcasting   | |  2.7
Ice Magic      | |  4.9

Action                     || total
---------------------------++-------
  Melee: Flail             ||    32
         Punch             ||     2
   Cast: Freeze            ||    28
         Frozen Ramparts   ||     1
   Stab: Sleeping          ||     2
 Armour: Robe              ||    11
  Dodge: Dodged            ||    33
